 Dungeon Crawl Stone Soup version 0.29-a0-304-gb34f9e133a (webtiles) character file.

Game seed: 12010030576446616815

795 jmlagarto the Firebug (level 7, -2/36 HPs)
             Began as a Tengu Fire Elementalist on Mar 26, 2022.
             Slain by an ogre
             ... wielding a +0 giant club
              (21 damage)
             ... on level 5 of the Dungeon.
             The game lasted 00:17:35 (6207 turns).

jmlagarto the Firebug (Tengu Fire Elementalist)     Turns: 6207, Time: 00:17:36

Health: -2/36      AC:  2    Str:  8    XL:     7   Next: 89%
Magic:  8/13       EV: 16    Int: 17    God:
Gold:   49         SH:  0    Dex: 15    Spells: 6/13 levels left

rFire   + . .      SeeInvis .   w - staff of fire
rCold   . . .      Faith    .   (no shield)
rNeg    . . .      Spirit   .   a - +0 robe
rPois   .          Reflect  .   (helmet restricted)
rElec   .          Harm     .   (no cloak)
rCorr   +          Rampage  .   (no gloves)
Will    .....                   (boots unavailable)
Stlth   ++........              (no amulet)
HPRegen 0.12/turn               h - ring of wizardry
MPRegen 0.13/turn               E - ring of resist corrosion

@: flying quickly and evasively, quick
A: beak, talons 3, nimble flight
a: no special abilities


You were on level 5 of the Dungeon.
You visited 1 branch of the dungeon, and saw 5 of its levels.
You also visited: Sewer.

You collected 198 gold pieces.
You spent 149 gold pieces at shops.

Inventory:

Hand Weapons
 c - a +0 hunting sling
 e - a +0 dagger
 q - a +2 short sword of holy wrath
Missiles
 j - 3 poisoned darts
 G - 2 throwing nets
Armour
 a - a +0 robe (worn)
Magical Staves
 w - a staff of fire (weapon)
Jewellery
 h - a ring of wizardry (left hand)
 E - a ring of resist corrosion (right hand)
Wands
 o - a wand of flame (16)
 y - a wand of paralysis (12)
 D - a wand of polymorph (5)
Scrolls
 d - 2 scrolls of identify {unknown}
 k - 2 scrolls of enchant weapon
 l - a scroll of immolation
 n - 2 scrolls of teleportation
 p - a scroll of amnesia {unknown}
 u - a scroll of noise {unknown}
 x - a scroll of enchant armour {unknown}
 z - a scroll of vulnerability {unknown}
 B - 2 scrolls of magic mapping
 F - a scroll of brand weapon {unknown}
 H - a scroll of fog {unknown}
Potions
 b - 3 potions of magic
 f - 4 potions of flight {unknown}
 g - a potion of curing {unknown}
 i - 4 potions of attraction {unknown}
 m - 2 potions of might {unknown}
 r - 3 potions of haste {unknown}
 s - a potion of mutation {unknown}
 t - a potion of brilliance {unknown}
 v - 2 potions of heal wounds
 A - a potion of cancellation
 C - a potion of lignification {unknown}


   Skills:
 + Level 3.4 Slings
 + Level 4.6 Dodging
 - Level 2.1 Stealth
 + Level 3.9 Spellcasting
 + Level 5.0 Conjurations
 + Level 5.2 Fire Magic


You had 6 spell levels left.
You knew the following spells:

 Your Spells              Type           Power      Damage    Failure   Level
a - Foxfire               Conj/Fire      100%       2x1d9     1%          1
b - Conjure Flame         Conj/Fire      31%        6-21      2%          3
c - Inner Flame           Hex/Fire       18%        N/A       6%          3

Your spell library contained the following spells:

 Spells                   Type           Power      Damage    Failure   Level
 Magic Dart               Conj           80%        1d7       1%          1
 Scorch                   Fire           64%        2d8       1%          2
 Searing Ray              Conj           40%        2d5       1%          2
 Freeze                   Ice            12%        1d4       6%          1
 Stone Arrow              Conj/Erth      22%        3d8       7%          3
 Flame Wave               Conj/Fire      31%        2d8       8%          4
 Frozen Ramparts          Ice            6%         1d2       19%         3
 Fulminant Prism          Conj/Hex       5%         3d7       22%         4
 Hailstorm                Conj/Ice       11%        3d5       22%         4
 Animate Armour           Summ/Erth      6%         N/A       52%         4
 Lehudib's Crystal Spear  Conj/Erth      5%         10d3      100%        8


Dungeon Overview and Level Annotations

Branches:
Dungeon (5/15)              Sewer (visited)
 Temple: D:4-7

Altars:

Shops:
D:3 :   D:4 *

Annotations:
D:3 Terence


Innate Abilities, Weirdness & Mutations

You have a beak for a mouth.
You have claws for feet.
Your magical nature lets you fly swiftly and evasively.


Message History

Confirm with . or Enter, or press ? or * to list all spells.
You feel a surge of power!
You conjure some foxfire!
The foxfire hits the ogre.
The ogre is lightly wounded.
Your foxfire dissipates!
The foxfire hits the ogre.
The ogre is moderately wounded.
The foxfire hits the ogre!
The ogre is heavily wounded.
Casting: Foxfire (safe; 1% risk of failure)
Confirm with . or Enter, or press ? or * to list all spells.
You feel a surge of power!
There's already a cloud here!
Casting: Conjure Flame (dangerous; 2% risk of failure)
Confirm with . or Enter, or press ? or * to list all spells.
You feel a surge of power!
There's already a cloud here!
Casting: Conjure Flame (dangerous; 2% risk of failure)
Confirm with . or Enter, or press ? or * to list all spells.
You feel a surge of power!
There's already a cloud here!
Casting: Conjure Flame (dangerous; 2% risk of failure)
Confirm with . or Enter, or press ? or * to list all spells.
You feel a surge of power!
The fire begins to smoulder!
The ogre barely misses you.
The ogre smothers the flame.
The ogre hits you with a +0 giant club!!
Ouch! That really hurt!
You see here 13 stones.
Casting: Conjure Flame (dangerous; 2% risk of failure)
Confirm with . or Enter, or press ? or * to list all spells.
You feel a surge of power!
You conjure some foxfire!
The foxfire hits the ogre!
The ogre is severely wounded.
The foxfire hits the ogre.
The ogre is almost dead.
Casting: Foxfire (safe; 1% risk of failure)
Confirm with . or Enter, or press ? or * to list all spells.
You feel a surge of power!
You conjure some foxfire!
Your foxfire dissipates!
The foxfire hits the ogre.
The ogre is almost dead.
The ogre hits you with a +0 giant club!!
Ouch! That really hurt!
You die...

.# #### .# #..## .#
########.# .#####
#......#.###......
#.##...#.......#
#.###.###...#(#....#
#.....O....##......#
#####@####.........# #.#
####>##.#.# ### ###.###
#.# .#.# #.. #.....# #.#
.# . #.### ## #.###.#
... .. .# #.##.###.# #.#
#.# ..# #.###.#.#
#.###.# .#.#
#.#.#...######.....# .#.
#..........#.......###..


You could see an ogre.

Vanquished Creatures
  An ogre (D:4)
  2 bullfrogs (Sewer)
  A hound (D:4)
  A jelly (D:4)
  A gnoll shaman (D:5)
  2 iguanas (D:4)
  Ijyb (D:3)
  Natasha (thrice) (D:3)
  4 gnolls (D:5)
  12 adders
  7 river rats (Sewer)
  2 worms
  2 dart slugs
  17 orcs
  4 bats
  6 endoplasms
  7 giant cockroaches
  8 goblins
  5 hobgoblins
  5 quokkas
  19 ball pythons
  8 frilled lizards
  4 kobolds
  29 rats
151 creatures vanquished.

Vanquished Creatures (others)
  394 foxfires
394 creatures vanquished.

Grand Total: 545 creatures vanquished

Notes
Turn   | Place    | Note
-------+----------+-------------------------------------------
     0 | D:1      | jmlagarto the Tengu Fire Elementalist began the quest for
                  | the Orb.
     0 | D:1      | Reached XP level 1. HP: 10/10 MP: 4/4
   409 | D:1      | Reached XP level 2. HP: 15/15 MP: 4/6
   728 | D:1      | Found a faded altar of an unknown god.
   753 | D:1      | You fall into a shaft and drop 1 floor!
   767 | D:2      | Reached XP level 3. HP: 7/19 MP: 5/7
  1183 | D:2      | Reached skill level 1 in Slings
  1244 | D:2      | Reached XP level 4. HP: 24/24 MP: 5/8
  2815 | D:2      | Learned a level 3 spell: Conjure Flame
  3074 | D:3      | Gained mutation: Your magical nature lets you fly swiftly
                  | and evasively. [Tengu growth]
  3074 | D:3      | Reached XP level 5. HP: 28/28 MP: 8/10
  3078 | D:3      | Learned a level 3 spell: Inner Flame
  3283 | D:3      | Found a glowing drain.
  3292 | Sewer    | Entered a sewer
  3765 | Sewer    | Reached XP level 6. HP: 32/32 MP: 4/11
  4160 | D:3      | Noticed Ijyb
  4166 | D:3      | Killed Ijyb
  4346 | D:3      | Found Fyryniucw's Book Boutique.
  4395 | D:3      | Noticed Natasha
  4428 | D:3      | Killed Natasha
  4429 | D:3      | Reached XP level 7. HP: 28/36 MP: 4/13
  4595 | D:3      | Noticed Natasha
  4605 | D:3      | Killed Natasha
  4628 | D:3      | Noticed Natasha
  4632 | D:3      | Noticed Terence
  4642 | D:3      | Killed Natasha
  5042 | D:4      | Found Iqiuvoth's General Store.
  5145 | D:4      | Bought a potion of cancellation for 104 gold pieces
  5145 | D:4      | Bought a scroll of magic mapping for 45 gold pieces
  5246 | D:4      | Reached skill level 5 in Fire Magic
  5802 | D:5      | Entered Level 5 of the Dungeon
  5831 | D:5      | Reached skill level 5 in Conjurations
  6207 | D:5      | Slain by an ogre

Illustrated notes

Levels and vault maps discovered:
D:1:      dpeg_arrival_three_smaller_balls, layout_rooms,
          chequers_ecumenical_altar_twisty
D:2:      wad_river_or_something, layout_loops_ring
D:3:      layout_loops_ring, serial_shops, shop, portal_sewer_entry_d,
          chequers_jeans, uniq_ijyb, uniq_terence, uniq_natasha
D:4:      layout_rooms, serial_glass, glass_columns_a, glass_columns_a,
          serial_shops, shop, st_stairs_12
D:5:      minmay_angry_zag, layout_loops_corners, elyvilon_altar_4,
          minmay_temple_entry_grid

Skill      XL: |  1  2  3  4  5  6  7 |
---------------+----------------------+-----
Conjurations   | 2 3 4 5 |  5.0
Slings         | 1 2 3 |  3.4
Dodging        | 3 4 |  4.6
Fire Magic     | 4 5 |  5.2
Spellcasting   | 3 |  3.9
Stealth        | |  2.1

Action                   |  1- 3 |  4- 6 |  7- 9 || total
-------------------------+-------+-------+-------++-------
Melee: Dagger            |       |     3 |       ||     3
       Staff             |       |     3 |       ||     3
       Kick              |       |     1 |       ||     1
       Peck              |       |     1 |       ||     1
 Fire: Hunting sling     |    54 |    29 |       ||    83
Throw: Dart              |       |       |     3 ||     3
 Cast: Foxfire           |    23 |   144 |    80 ||   247
       Conjure Flame     |       |     3 |     4 ||     7
       Inner Flame       |       |       |     3 ||     3
  Use: Potion            |     1 |       |       ||     1
       Scroll            |       |       |     3 ||     3
Armor: Robe              |     5 |    12 |     3 ||    20
Dodge: Dodged            |    21 |    71 |    26 ||   118

Table legend: (Time is in decaauts)
 A = Elapsed time spent in this place.
 B = Non-inter-level travel time spent in this place.
 C = Inter-level travel time spent in this place.
 D = Time resting spent in this place.
 E = Time spent auto-exploring this place.
 F = Levels seen in this place.
 G = Mean time per level.
                   A        B        C        D        E       F      G
               +--------+--------+--------+--------+--------+-----+--------+
         Total |   6120 |   5970 |    150 |     77 |   4773 |   6 | 1020.0 |
       Dungeon |   5280 |   5130 |    150 |     77 |   4114 |   5 | 1056.0 |
         Sewer |    840 |    840 |      0 |      0 |    658 |   1 |  840.0 |
               +--------+--------+--------+--------+--------+-----+--------+

Top non-repeatable levels by time:
     D:2: 1904 daAuts
     D:3: 1225 daAuts
     D:1: 996 daAuts
     D:4: 926 daAuts
   Sewer: 840 daAuts
     D:5: 227 daAuts
